Map: 东部哨塔 - 天梯版

Players

JinairRogue (Rogue)

  • Race: Zerg Zerg
  • Spawn Location: 1:00

Neeb - Winner!

  • Race: Protoss Protoss
  • Spawn Location: 7:00

Event: 2018 Hangzhou StarCraft Carnival

VOD

Have the link to the VOD?

Description

Time

  • Played on: April 30, 2018, 2:02 a.m.
  • Length: 7:10

All games in this series

Show
View Real Time Build Order
Export as new Build Order

JinairRogue Zerg 

Build Orders: Hatch First 

Get SALT Encoding   

  12  0:00  Drone  
  13  0:12  Overlord  
  13  0:17  Drone  
  14  0:30  Drone x2  
  14  0:34  Drone  
  17  0:51  Hatchery  
  17  0:55  Drone  
  17  0:58  Drone  
  18  1:09  Extractor  
  17  1:12  Spawning Pool  
  17  1:16  Drone  
  17  1:19  Drone  
  18  1:29  Drone  
  19  1:38  Drone  
  20  1:49  Hatchery  
  20  1:50  Drone  
  20  2:01  Drone  
  21  2:03  Queen  
  21  2:07  Drone  
  24  2:13  Metabolic Boost  
  24  2:17  Drone  
  24  2:20  Drone  
  26  2:25  Overlord  
  26  2:29  Drone  
  27  2:33  Drone  
  28  2:43  Queen  
  28  2:44  Zergling x4  
  31  2:46  Zergling x2  
  31  2:50  Queen  
  35  2:57  Zergling x2  
  36  2:59  Overlord  
  36  3:04  Queen  
  38  3:07  Drone x2  
  40  3:12  Overlord  
  40  3:19  Drone x2  
  42  3:28  Spore Crawler  
  42  3:30  Spore Crawler  
  42  3:31  Drone x3  
  42  3:32  Drone  
  43  3:37  Zergling x4  
  43  3:40  Zergling x2  
  45  3:45  Drone  
  46  3:48  Overlord  
  46  3:53  Drone x3  
  46  3:54  Drone  
  50  4:01  Overlord  
  50  4:03  Spore Crawler  
  50  4:04  Drone  
  50  4:09  Drone x4  
  54  4:10  Drone  
  54  4:14  Drone  
  54  4:16  Drone  
  57  4:19  Drone x2  
  57  4:20  Lair, Drone  
  59  4:27  Zergling x2  
  59  4:28  Zergling x6  
  62  4:34  Extractor x2  
  62  4:37  Roach Warren  
  62  4:38  Evolution Chamber  
  58  4:41  Drone  
  58  4:42  Drone x4  
  63  4:45  Overlord  
  63  4:49  Drone x2  
  64  4:54  Drone x2  
  64  4:55  Overlord  
  64  4:59  Extractor  
  64  5:00  Overlord  
  64  5:01  Drone  
  64  5:05  Drone x5  
  70  5:08  Zerg Missile Weapons Level 1  
  70  5:18  Roach x5  
  70  5:21  Glial Reconstitution  
  80  5:26  Roach  
  80  5:27  Roach x2  
  86  5:32  Roach  
  86  5:33  Overlord  
  88  5:40  Roach  
  89  5:44  Roach, Overlord  
  89  5:45  Overlord  
  89  5:52  Roach  
  89  5:54  Roach x5  
  89  5:56  Roach  
  96  5:58  Roach  
  96  6:00  Roach  
  92  6:06  Roach  
  92  6:08  Roach  
  92  6:09  Roach  
  85  6:13  Queen x3  
  83  6:21  Roach x2  
  83  6:22  Roach  
  81  6:28  Roach  
  81  6:29  Roach  
  77  6:35  Roach  
  61  6:43  Roach  
  61  6:44  Roach  
Show
View Real Time Build Order
Export as new Build Order

Neeb Protoss - Winner!

Build Orders: 1 Gate Expand, Oracle Opening 

Get SALT Encoding   

  12  0:00  Probe  
  13  0:12  Probe  
  14  0:18  Pylon  
  14  0:24  Probe  
  15  0:34  Assimilator, Probe  
  15  0:42  Probe  
  16  0:43  Gateway  
  17  0:51  Probe  
  18  1:03  Probe  
  19  1:15  Probe  
  20  1:23  Nexus  
  20  1:33  Cybernetics Core  
  20  1:35  Probe  
  21  1:41  Assimilator  
  21  1:47  Probe  
  21  1:51  Pylon  
  22  2:00  Probe  
  23  2:02  Adept  
  23  2:11  Warp Gate  
  23  2:12  Probe  
  26  2:21  Stargate  
  26  2:23  Stalker  
  26  2:24  Probe  
  29  2:31  Probe  
  29  2:36  Probe  
  31  2:39  Probe  
  32  2:48  Probe  
  32  2:49  Adept, Probe  
  36  3:00  Probe  
  36  3:01  Probe  
  36  3:04  Oracle  
  41  3:10  Pylon  
  41  3:18  Gateway  
  41  3:28  Twilight Council  
  41  3:33  Gateway  
  39  3:50  Robotics Facility  
  39  3:56  Charge  
  39  3:58  Gateway  
  39  3:59  Gateway  
  39  4:10  Gateway  
  39  4:12  Gateway  
  39  4:14  Gateway  
  39  4:25  Pylon  
  39  4:27  Warp Prism  
  39  4:29  Adept  
  39  4:30  Adept  
  41  4:36  Probe  
  44  4:56  Zealot x2  
  44  4:57  Zealot x2  
  44  4:59  Pylon x2  
  52  5:00  Pylon  
  52  5:17  Pylon  
  52  5:19  Zealot x2  
  52  5:20  Zealot x5  
  66  5:22  Zealot  
  63  5:43  Zealot x4  
  63  5:44  Zealot x4  
  63  6:04  Zealot x6  
  71  6:17  Zealot  
  71  6:18  Zealot  
  71  6:24  Zealot x4  
  69  6:26  Zealot  
  69  6:30  Zealot  
  69  6:43  Zealot x2  
  69  6:46  Zealot x3  
  77  6:50  Zealot  
  75  6:55  Zealot x2  
Tags
 
Add a new tag
Caveats
  • Supply blocks, unpowered buildings, or Contaminate may cause inaccurate times.
  • Supply counts are checked every 10 seconds.